 Dungeon Crawl Stone Soup version 0.19-a0-1291-gc8f5409 (webtiles) character file.

114 PurpleRed the Conjurer (level 4, -4/24 HPs)
             Began as a Deep Elf Conjurer on Aug 30, 2016.
             Slain by a worker ant (8 damage)
             ... on level 4 of the Dungeon.
             The game lasted 00:04:31 (504 turns).

PurpleRed the Conjurer (Deep Elf Conjurer)           Turns: 504, Time: 00:04:32

Health: -4/24      AC:  3    Str:  5    XL:     4   Next: 66%
Magic:  0/13       EV: 13    Int: 21    God:
Gold:   72         SH:  0    Dex: 15    Spells: 3 memorised, 6 levels left

rFire  . . .     SeeInvis .     g - +2 dagger (distort)
rCold  . . .     Gourm    .     a - +0 robe
rNeg   . . .     Faith    .     (no shield)
rPois  .         Spirit   .     (no helmet)
rElec  .         Dismiss  .     (no cloak)
rCorr  .         Reflect  .     i - +0 pair of gloves
MR     .....     Harm     .     (no boots)
Stlth  ++........               (no amulet)
                                (no ring)
                                (no ring)

@: no status effects
A: no striking features
a: no special abilities


You were on level 4 of the Dungeon.
You were not hungry.

You visited 1 branch of the dungeon, and saw 4 of its levels.

You collected 72 gold pieces.

Inventory:

Hand Weapons
 e - a cursed -3 club
 g - a +2 dagger of distortion (weapon)
Armour
 a - a +0 robe (worn)
 f - a +2 shield
 i - a +0 pair of gloves (worn)
Scrolls
 d - 2 scrolls of remove curse {unknown}
 j - a scroll of identify {unknown}
Potions
 k - a potion of lignification {unknown}
Books
 b - a book of Conjurations

   Spells                             Type                      Level
   a - Magic Dart                     Conjuration                  1
   b - Searing Ray                    Conjuration                  2
   c - Dazzling Spray                 Conjuration/Hexes            3
   d - Fulminant Prism                Conjuration/Hexes            4
   e - Iskenderun's Mystic Blast      Conjuration                  4
   f - Iskenderun's Battlesphere      Conjuration/Charms           5
Comestibles
 c - a bread ration
 h - a beef jerky


   Skills:
 - Level 2.4 Dodging
 - Level 2.4 Stealth
 * Level 5.1 Spellcasting
 * Level 5.7 Conjurations


You had 6 spell levels left.
You knew the following spells:

 Your Spells              Type           Power        Failure   Level  Hunger
a - Magic Dart            Conj           ####         1%          1    None
b - Searing Ray           Conj           ####..       1%          2    None
c - Iskenderun's Mystic   Conj           ####....     14%         4    ####...


Dungeon Overview and Level Annotations

Branches:
Dungeon (4/15)
 Temple: D:4-7

Altars:
Fedhas

Annotations:
D:3 PurpleRed's ghost, weakling DECj


Message History

Things that are here:
an iguana corpse; a quokka corpse You see here a worker ant corpse.
The worker ant twitches its antennae in your direction.
You now have 72 gold pieces (gained 9).
Casting: Searing Ray
Confirm with . or Enter, or press ? or * to list all spells.
Aiming: Searing Ray
Press: ? - help, Shift-Dir - straight line, f - worker ant
Aim: a worker ant The searing ray hits the worker ant.
The worker ant is moderately wounded.
The searing ray hits the worker ant.
The worker ant is heavily wounded.
The worker ant barely misses you.
You hit the worker ant but do no damage.
Space bends around the worker ant.
The worker ant is severely wounded.
The worker ant closely misses you. The worker ant bites you!
You die...

.#.. a..#.# #..
.....####.....# #..
#.#...........# ...
...#.#......### #..
#..............
#......<..$.##
#..#.........#
#.a##.#.#.#.##
#.@..........#
#.......#......
##..#########.#......
........††...........
....############.....
. .... .... .. #


You could see a worker ant.

Vanquished Creatures
  An iguana (D:4)
  An orc wizard (D:3)
  A worker ant (D:4)
  2 adders (D:3)
  3 giant geckos
  2 orcs (D:3)
  A quokka (D:4)
  A ball python (D:1)
  3 bats
  A giant newt (D:3)
  4 kobolds
  A rat (D:1)
21 creatures vanquished.

Notes
Turn   | Place    | Note
-------+----------+-------------------------------------------
     0 | D:1      | PurpleRed the Deep Elf Conjurer began the quest for the Orb.
     0 | D:1      | Reached XP level 1. HP: 10/10 MP: 6/6
   103 | D:3      | Noticed an orc priest
   127 | D:2      | Reached XP level 2. HP: 7/15 MP: 1/8
   131 | D:2      | Learned a level 2 spell: Searing Ray
   209 | D:3      | Noticed PurpleRed's ghost (weakling DECj)
   318 | D:3      | Found a faded altar of an unknown god.
   335 | D:3      | Reached skill level 5 in Conjurations
   335 | D:3      | Reached XP level 3. HP: 10/19 MP: 3/10
   387 | D:3      | Found a blossoming altar of Fedhas.
   482 | D:4      | Reached XP level 4. HP: 2/24 MP: 1/12
   482 | D:4      | Reached skill level 5 in Spellcasting
   488 | D:4      | Learned a level 4 spell: Iskenderun's Mystic Blast
   504 | D:4      | Slain by a worker ant

Vault maps used:
D:1:      minmay_arrival_solitary_statue
D:2:      first_bread, evilmike_ruin_ashenzari
D:3:      lemuel_upstairs_altar, ecumenical_altar_2, minmay_misc_feat_x,
          tgw_fedhas
D:4:      serial_shops, shop_coins

Skill      XL: |  1  2  3  4 |
---------------+-------------+-----
Conjurations   | 5 |  5.7
Spellcasting   | 4 5 |  5.1
Dodging        | |  2.4
Stealth        | |  2.4

Action                   |  1- 3 |  4- 6 || total
-------------------------+-------+-------++-------
Melee: Dagger            |     8 |     1 ||     9
 Cast: Magic Dart        |    21 |       ||    21
       Searing Ray       |     5 |     1 ||     6
Armor: Robe              |     5 |       ||     5
Dodge: Dodged            |    10 |     2 ||    12
